 Dungeon Crawl Stone Soup version 0.31-a0-180-g519b7de00c (webtiles) character file.

Game seed: 17720320721831918567

495 qw the Shooter (level 7, -4/64 HPs)
             Began as a Naga Hunter on June 20, 2023.
             Slain by an orc warrior
             ... wielding a +0 battleaxe
              (20 damage)
             ... on level 6 of the Dungeon.
             The game lasted 00:00:43 (1840 turns).

qw the Shooter (Naga Hunter)                        Turns: 1840, Time: 00:00:43

Health: -4/64      AC:  7    Str: 13    XL:     7   Next: 15%
Magic:  7/7        EV: 10    Int:  9    God:
Gold:   154        SH:  0    Dex: 17    Spells: 6/6 levels left

rFire   . . .        g - +0 orcbow
rCold   . . .        (shield currently unavailable)
rNeg    . . .        c - +0 leather armour
rPois   +            d - +0 helmet
rElec   .            f - +2 cloak
rCorr   .            (no gloves)
SInv    +            (no barding)
Will    .....        (no amulet)
Stlth   ++           (no ring)
HPRegen 0.30/turn    (no ring)
MPRegen 0.10/turn

%: no passive effects
@: about to teleport, short of breath, very slow
A: AC +2, large, see invisible, deformed body, poison resistance, slowness 2,
spit poison 1, naga tail 1
a: Spit Poison


You were on level 6 of the Dungeon.
You visited 1 branch of the dungeon, and saw 4 of its levels.

You collected 154 gold pieces.


Innate Abilities, Weirdness & Mutations

Your serpentine skin is tough. (AC +2)
You have supernaturally acute eyesight. (SInv)
Armour fits poorly on your strangely shaped body.
Your system is resistant to poisons. (rPois)
You cover ground very slowly.
You can spit poison.
You have a snake-like lower body.


   Skills:
 - Level 4.0 Fighting
 + Level 6.5 Ranged Weapons
 - Level 2.4 Dodging
 - Level 1.5 Stealth


You had 6 spell levels left.
You didn't know any spells.
Your spell library was empty.

Inventory:

Hand Weapons
 g - a +0 orcbow (weapon)
Armour
 c - a +0 leather armour (worn)
 d - a +0 helmet (worn)
 f - a +2 cloak (worn)
Wands
 b - a wand of digging (6)
Potions
 a - a potion of lignification {unknown}

Dungeon Overview and Level Annotations

Branches:
Dungeon (3/15)

Altars:
Fedhas

Annotations:
D:3 Natasha


Message History

The orc warrior moves out of view.
You shoot an arrow. The arrow hits the orc.
The orc is heavily wounded.
You shoot an arrow. The arrow hits the orc!
You kill the orc!
You have got your breath back.
You hear a howl!
A howler monkey comes into view.
1836 ||| INVOKING Spit Poison.
Aiming: Spit Poison (1% risk of failure)
Press: ? - help, Shift-Dir - straight line, f - orc warrior The splash of poison hits the orc warrior.
The orc warrior is lightly wounded.
An orc comes into view. It is wielding a +0 vampiric hand axe.
The howler monkey hoots and howls with incredible vigour!
You hear a shout! x3
You shoot an arrow.
The arrow barely misses the orc warrior.
The arrow hits the orc priest!
You kill the orc priest!
The orc warrior hits you with a +0 battleaxe!
The orc closely misses you. The orc hits you with a +0 hand axe.
The orc warrior hits you with a +0 battleaxe!
You shoot an arrow. The arrow hits the orc warrior.
The orc warrior is lightly wounded.
You have got your breath back.
The orc warrior hits you with a +0 battleaxe.
The orc hits you with a +0 hand axe.
1839 ||| INVOKING Spit Poison.
Aiming: Spit Poison (1% risk of failure)
Press: ? - help, Shift-Dir - straight line, f/p - orc warrior The splash of poison hits the orc warrior!
The orc warrior is heavily wounded.
The orc warrior hits you with a +0 battleaxe!
The orc misses you.
1840 ||| READING scroll of teleportation.
As you read the scroll of teleportation, it crumbles to dust.
You feel strangely unstable.
The orc warrior hits you with a +0 battleaxe!!
You die...

77.........77
7...........7
7.7.......7.7
77777...77777 77...77
. 77777.....77777 ...
#.....#)........
.....##....#[........
.
....oSo@..............
.
#:....oh.............#
.
#..#.#...............
.. ## #
#..............# #.
.......).##....###.
..........#.....##..
#.##.....%...........
#........#....>..##..
.......#.....####..


You could see an orc warrior, a howler monkey, an adder and 2 orcs.

Vanquished Creatures
  2 sky beasts (D:6)
  An ogre (D:6)
  A bullfrog (D:6)
  An orc priest (D:6)
  A sleepcap (D:6)
  An iguana (D:6)
  3 adders
  2 white imps (D:6)
  A worm (D:2)
  A dart slug (D:2)
  2 orcs (D:6)
  5 ball pythons
  6 endoplasms
  A giant cockroach (D:2)
  5 goblins
  4 hobgoblins (D:1)
  4 kobolds
  A quokka (D:2)
  4 bats (D:1)
  2 rats (D:1)
48 creatures vanquished.

Notes
Turn   | Place    | Note
-------+----------+-------------------------------------------
     0 | D:1      | qw the Naga Hunter began the quest for the Orb.
     0 | D:1      | Reached XP level 1. HP: 19/19 MP: 1/1
     0 | D:1      | 0 ||| qw: Version: 0.3-a-7-ge0c9b40
     0 | D:1      | 0 ||| qw: Game counter: 1108
     0 | D:1      | 0 ||| qw: Always use a shield: true
     0 | D:1      | 0 ||| qw: God list: Okawaru
     0 | D:1      | 0 ||| qw: Allow faded altars: false
     0 | D:1      | 0 ||| qw: Do Orc after D:15 true
     0 | D:1      | 0 ||| qw: Do second Lair branch before Depths: true
     0 | D:1      | 0 ||| qw: Lair rune preference: random
     0 | D:1      | 0 ||| qw: Plans: Normal
     0 | D:1      | 0 ||| PLANNING D:1-11
    13 | D:1      | 13 ||| INVOKING Spit Poison.
    17 | D:1      | 17 ||| INVOKING Spit Poison.
    18 | D:1      | 18 ||| INVOKING Spit Poison.
    39 | D:1      | 39 ||| INVOKING Spit Poison.
   145 | D:1      | Reached skill level 4 in Ranged Weapons
   145 | D:1      | Reached XP level 2. HP: 26/26 MP: 2/2
   190 | D:1      | 190 ||| INVOKING Spit Poison.
   193 | D:1      | 193 ||| INVOKING Spit Poison.
   204 | D:1      | 204 ||| INVOKING Spit Poison.
   239 | D:1      | 239 ||| INVOKING Spit Poison.
   250 | D:1      | 250 ||| INVOKING Spit Poison.
   283 | D:1      | 283 ||| INVOKING Spit Poison.
   321 | D:1      | 321 ||| INVOKING Spit Poison.
   324 | D:1      | 324 ||| INVOKING Spit Poison.
   352 | D:1      | 352 ||| INVOKING Spit Poison.
   496 | D:1      | 496 ||| INVOKING Spit Poison.
   513 | D:1      | Reached XP level 3. HP: 32/32 MP: 3/3
   549 | D:1      | 549 ||| INVOKING Spit Poison.
   568 | D:1      | 568 ||| INVOKING Spit Poison.
   580 | D:1      | 580 ||| INVOKING Spit Poison.
   600 | D:1      | 600 ||| INVOKING Spit Poison.
   682 | D:1      | 682 ||| INVOKING Spit Poison.
   849 | D:1      | 849 ||| READING scroll labelled SIZXELOETUG.
   909 | D:1      | 909 ||| READING scroll labelled DOBEOG GASSO.
   914 | D:1      | 914 ||| DROPPING scroll of butterflies.
   939 | D:2      | 939 ||| INVOKING Spit Poison.
   951 | D:2      | 951 ||| INVOKING Spit Poison.
   952 | D:2      | 952 ||| INVOKING Spit Poison.
  1031 | D:2      | 1031 ||| INVOKING Spit Poison.
  1067 | D:2      | 1067 ||| INVOKING Spit Poison.
  1117 | D:2      | 1117 ||| INVOKING Spit Poison.
  1118 | D:2      | 1118 ||| INVOKING Spit Poison.
  1216 | D:2      | 1216 ||| INVOKING Spit Poison.
  1255 | D:2      | 1255 ||| INVOKING Spit Poison.
  1297 | D:2      | 1297 ||| UPGRADING to +0 helmet.
  1302 | D:2      | 1302 ||| UPGRADING to +2 cloak.
  1307 | D:2      | 1307 ||| READING scroll labelled QOALYE JIUKH.
  1308 | D:2      | 1308 ||| READING scroll labelled HUGEOL MUUTI.
  1309 | D:2      | 1309 ||| READING scroll labelled NUF MOFONIKAE.
  1330 | D:3      | Noticed Natasha
  1330 | D:3      | You fall into a shaft and drop 3 floors!
  1354 | D:6      | Reached skill level 5 in Ranged Weapons
  1354 | D:6      | Reached XP level 4. HP: 18/39 MP: 4/4
  1436 | D:6      | 1436 ||| INVOKING Spit Poison.
  1442 | D:6      | 1442 ||| INVOKING Spit Poison.
  1482 | D:6      | 1482 ||| INVOKING Spit Poison.
  1486 | D:6      | 1486 ||| INVOKING Spit Poison.
  1488 | D:6      | Reached skill level 3 in Fighting
  1488 | D:6      | Reached XP level 5. HP: 34/49 MP: 5/5
  1588 | D:6      | Noticed a sky beast
  1590 | D:6      | 1590 ||| INVOKING Spit Poison.
  1594 | D:6      | 1594 ||| INVOKING Spit Poison.
  1600 | D:6      | 1600 ||| INVOKING Spit Poison.
  1603 | D:6      | 1603 ||| INVOKING Spit Poison.
  1605 | D:6      | Killed a sky beast
  1696 | D:6      | 1696 ||| INVOKING Spit Poison.
  1702 | D:6      | 1702 ||| INVOKING Spit Poison.
  1703 | D:6      | Reached skill level 6 in Ranged Weapons
  1703 | D:6      | Reached XP level 6. HP: 48/56 MP: 6/6
  1714 | D:6      | 1714 ||| INVOKING Spit Poison.
  1759 | D:6      | Noticed a sky beast
  1762 | D:6      | 1762 ||| INVOKING Spit Poison.
  1766 | D:6      | 1766 ||| INVOKING Spit Poison.
  1772 | D:6      | Killed a sky beast
  1795 | D:6      | 1795 ||| INVOKING Spit Poison.
  1799 | D:6      | Reached XP level 7. HP: 64/64 MP: 7/7
  1806 | D:6      | Found a blossoming altar of Fedhas.
  1807 | D:6      | 1807 ||| SWAPPING to +0 orcbow.
  1808 | D:6      | 1808 ||| DROPPING +1 shortbow.
  1832 | D:6      | 1832 ||| INVOKING Spit Poison.
  1836 | D:6      | 1836 ||| INVOKING Spit Poison.
  1839 | D:6      | 1839 ||| INVOKING Spit Poison.
  1839 | D:6      | HP: 16/64 [orc warrior/+0 battleaxe (10)]
  1840 | D:6      | 1840 ||| READING scroll of teleportation.
  1840 | D:6      | Slain by an orc warrior

Levels and vault maps discovered:
D:1:      minmay_arrival_four_circles, layout_loops_corners
D:2:      layout_basic
D:3:      layout_basic, gammafunk_ghost_necromancy, st_stairs_1, uniq_ijyb,
          uniq_jessica, uniq_natasha
D:6:      layout_cave_pools, fedhas_altar_fruit_tree, makhleb_grotto_becter

Skill      XL: |  1  2  3  4  5  6 |
---------------+-------------------+-----
Ranged Weapons | 4 5 6 |  6.5
Fighting       | 3 4 |  4.0
Dodging        | 2 |  2.4
Stealth        | |  1.5

Action                     |  1- 3 |  4- 6 |  7- 9 || total
---------------------------+-------+-------+-------++-------
   Fire: Shortbow          |    66 |    56 |       ||   122
         Orcbow            |       |       |     5 ||     5
Ability: Spit Poison       |    25 |    14 |     3 ||    42
    Use: Scroll            |     5 |       |     1 ||     6
 Armour: Leather armour    |     2 |    12 |       ||    14
  Dodge: Dodged            |     5 |    11 |     2 ||    18

Table legend:
 A = Non-vault XP
 B = Vault XP
 C = Vault XP percentage of total XP
 D = Non-vault monster count
 E = Vault monster count
 F = Vault count percentage of total count
                 A         B        C        D         E       F
            +---------+---------+-------+---------+---------+-------
      Total |     708 |       0 |   0.0 |      48 |       0 |   0.0
            +---------+---------+-------+---------+---------+-------
        D:1 |      43 |       0 |   0.0 |      26 |       0 |   0.0
        D:2 |      33 |       0 |   0.0 |       9 |       0 |   0.0
        D:6 |     632 |       0 |   0.0 |      13 |       0 |   0.0
            +---------+---------+-------+---------+---------+-------
